 Dungeon Crawl Stone Soup version 0.29-a0-221-gceb61267dd (console) character file.

Game seed: 11199747689745491571

92349 CannotBeFrozen the Marksdemigod (level 15, -12/118 HPs)
             Began as a Demigod Arcane Marksman on Feb 24, 2022.
             Killed by an exploding polar bear (34 damage)
             ... ignited by their inner flame
             ... on level 1 of the Lair of Beasts on Feb 26, 2022.
             The game lasted 03:07:53 (33479 turns).

CannotBeFrozen the Marksdemigod (DgAM)             Turns: 33479, Time: 03:07:53

Health: -12/118    AC: 27    Str: 14    XL:     15   Next: 16%
Magic:  0/28       EV: 16    Int: 17    God:
Gold:   1610       SH:  0    Dex: 34    Spells: 12/26 levels left

rFire   . . .      SeeInvis +   a - +3 longbow (flame)
rCold   . . .      Faith    .   (shield currently unavailable)
rNeg    . . .      Spirit   +   Z - +2 ring mail {Will+}
rPois   .          Reflect  .   e - +3 crown of Dyrovepreva {rElec Int+2 SInv}
rElec   +          Harm     .   I - +1 cloak {Stlth+}
rCorr   .          Rampage  .   T - +0 pair of gloves
Will    ++...                   P - +0 pair of boots
Stlth   ++++......              U - amulet "Yrelib" {Spirit Regen+ Str+3 Stlth+}
HPRegen 1.09/turn               h - +4 ring of protection
MPRegen 0.21/turn               S - ring of the Tortoise {AC+8}

@: swift, studying Hexes, quick
A: high MP 1, forlorn, divine attributes, noise suppression
a: no special abilities


You were on level 1 of the Lair of Beasts.
You visited 2 branches of the dungeon, and saw 21 of its levels.
You visited the Abyss 1 time.
You also visited: Ossuary and Gauntlet.

You collected 2650 gold pieces.
You spent 1040 gold pieces at shops.

Inventory:

Hand Weapons
 a - a +3 longbow of flaming (weapon)
 b - a +2 long sword of electrocution
 i - a +4 scimitar
 v - a +2 dagger of venom
Missiles
 m - 4 throwing nets {=f =F}
Armour
 e - the +3 crown of Dyrovepreva (worn) {rElec Int+2 SInv}
   (You found it in a Gauntlet)

   Int:       It affects your intelligence (+2).
   rElec:     It insulates you from electricity.
   SInv:      It lets you see invisible.
 I - a +1 cloak of stealth (worn)
 P - a +0 pair of boots (worn)
 T - a +0 pair of gloves (worn)
 X - a +1 robe of resistance
 Z - a +2 ring mail of willpower (worn)
Jewellery
 h - a +4 ring of protection (left hand)
 Q - a ring of ice
 S - the ring of the Tortoise (right hand) {AC+8}
   (You found it on level 2 of the Lair of Beasts)

   [ring of protection]

   AC:        It affects your AC (+8).
 U - the amulet "Yrelib" (around neck) {Spirit Regen+ Str+3 Stlth+}
   (You found it in a Gauntlet)

   [amulet of guardian spirit]

   It causes incoming damage to be divided between your reserves of health and
   magic.
   Str:       It affects your strength (+3).
   Regen:     It increases your rate of health regeneration.
   Stlth:     It makes you more stealthy.
 V - a ring of positive energy
Wands
 j - a wand of charming (10)
 o - a wand of acid (5)
 C - a wand of iceblast (4)
 H - a wand of mindburst (6)
 K - a wand of flame (48)
 M - a wand of digging (2)
 R - a wand of polymorph (5)
Scrolls
 c - 9 scrolls of teleportation {@r2}
 k - a scroll of brand weapon
 l - 5 scrolls of fear
 n - a scroll of magic mapping
 w - 2 scrolls of summoning
 E - a scroll of enchant armour
 F - 2 scrolls of immolation
 L - 2 scrolls of amnesia
 O - 4 scrolls of blinking
 W - a scroll of silence
 Y - 4 scrolls of fog
Potions
 d - 5 potions of brilliance
 f - 2 potions of magic
 p - 8 potions of curing {@q1}
 q - a potion of cancellation
 r - 6 potions of flight
 t - 4 potions of haste
 u - 2 potions of might
 x - 7 potions of heal wounds {@q2}
 A - 3 potions of ambrosia
 B - 5 potions of attraction
 G - 2 potions of lignification
 J - 2 potions of berserk rage
 N - a potion of resistance
Miscellaneous
 g - a phial of floods
 s - a condenser vane
 y - a condenser vane
 D - a tin of tremorstones (2/2)


   Skills:
 + Level 7.5 Fighting
 - Level 5.1 Long Blades
 - Level 18.0 Bows
 - Level 5.0 Armour
 - Level 5.0 Dodging
 - Level 2.0 Stealth
 - Level 6.0 Spellcasting
 - Level 12.0 Hexes
 - Level 4.0 Translocations
 + Level 1.0 Fire Magic
 - Level 6.0 Air Magic
 - Level 5.0 Evocations


You had 12 spell levels left.
You knew the following spells:

 Your Spells              Type           Power      Damage    Failure   Level
a - Slow                  Hex            100%       N/A       1%          1
c - Portal Projectile     Hex/Tloc       64%        N/A       2%          3
d - Cause Fear            Hex            22%        N/A       1%          4
e - Inner Flame           Hex/Fire       27%        N/A       4%          3
s - Swiftness             Air            25%        N/A       6%          3

Your spell library contained the following spells:

 Spells                   Type           Power      Damage    Failure   Level
 Confusing Touch          Hex            45%        N/A       1%          3
 Tukima's Dance           Hex            45%        N/A       1%          3
 Apportation              Tloc           36%        N/A       4%          1
 Shock                    Conj/Air       60%        1d6       7%          1
 Poisonous Vapours        Pois/Air       30%        N/A       11%         2
 Foxfire                  Conj/Fire      24%        2x1d5     21%         1
 Airstrike                Air            12%        N/A       21%         4
 Anguish                  Hex/Necr       12%        N/A       21%         4
 Freeze                   Ice            20%        1d4       24%         1
 Magic Dart               Conj           20%        1d4       24%         1
 Sting                    Tmut/Pois      20%        1d4       24%         1
 Mephitic Cloud           Conj/Pois/Air  11%        N/A       32%         3
 Call Imp                 Summ           5%         N/A       36%         2
 Conjure Flame            Conj/Fire      6%         6-21      52%         3
 Ignite Poison            Fire/Tmut/Pois 6%         N/A       54%         3
 Frozen Ramparts          Ice            10%        1d3       58%         3
 Vampiric Draining        Necr           5%         2d6       58%         3
 Enfeeble                 Hex            22%        N/A       83%         7
 Flame Wave               Conj/Fire      6%         2d5       89%         4
 Sticky Flame             Conj/Fire      6%         2d3       89%         4
 Hailstorm                Conj/Ice       5%         3d4       94%         4
 Olgreb's Toxic Radiance  Pois           5%         N/A       94%         4
 Freezing Cloud           Conj/Ice/Air   5%         6-21      96%         5
 Iskenderun's Battlesphe  Conj           5%         2d6       100%        5
 Iron Shot                Conj/Erth      2%         9d2       100%        6
 Spellforged Servitor     Conj/Summ      2%         N/A       100%        7


Dungeon Overview and Level Annotations

Branches:
Dungeon (15/15)            Temple (0/1) D:4            Lair (6/6) D:9
 Shoals (0/4) Lair:4        Snake (0/4) Lair:2        Slime (0/5) Lair:6
    Orc (0/2) D:11         Vaults (0/5) D:13        Ossuary (visited)
Gauntlet (visited)
 Depths: D:15

Shops:
D:6 (   D:10 :   D:13 *

Portals:
Abyss: Lair:6


Innate Abilities, Weirdness & Mutations

You have an increased reservoir of magic. (+10% MP)
You shall have no god before yourself.
Your divine heritage dramatically boosts your attributes as you level up.
You passively dampen the noise of your surroundings.


Message History

Flame seeps out of the polar bear.
The polar bear goes berserk!
HP: 57/118 (-3) =====------- Shoot: a) +3 longbow (flame)
Press: ? - help, Q - select action, (/) - cycle Shift-Dir - straight line, f/p - polar bear
Aim: a polar bear (flame, severely wounded, berserk, inner flame, 81% to hit)
You shoot an arrow. The arrow barely misses the polar bear.
The arrow hits the spriggan!!
The arrow burns the spriggan!
You kill the spriggan!
The polar bear is engulfed in blazing flames.
Flame seeps out of the polar bear.
The spriggan closely misses you.
The polar bear bites you but does no damage.
The polar bear barely misses you.
The polar bear claws you but does no damage.
Your condenser vane has recharged.
Your Fire Magic skill increases to level 1!
The polar bear bites you!!
* * * LOW MAGIC WARNING * * *;
* * * LOW HITPOINT WARNING * * *
The polar bear claws you but does no damage.
The polar bear closely misses you. The spriggan barely misses you.
HP: 39/118 (-19) MP: 3/28 (-1) ===--------- !
Shoot: a) +3 longbow (flame)
Press: ? - help, Q - select action, (/) - cycle Shift-Dir - straight line, f/p - polar bear
Aim: a polar bear (almost dead, berserk, inner flame, 81% to hit)
You shoot an arrow.
The arrow hits the polar bear but does no damage.
The polar bear is almost dead.
The polar bear bites you!!
* * * LOW MAGIC WARNING * * *;
* * * LOW HITPOINT WARNING * * *
The polar bear barely misses you. The polar bear claws you.
* * * LOW HITPOINT WARNING * * *
The spriggan hits you but does no damage.
HP: 22/118 (-20) ==---------- !
Shoot: a) +3 longbow (flame)
Press: ? - help, Q - select action, (/) - cycle Shift-Dir - straight line, f/p - polar bear
Aim: a polar bear (almost dead, berserk, inner flame, 81% to hit)
You shoot an arrow. The arrow hits the polar bear!!
The arrow burns the polar bear.
The polar bear explodes!
The fiery explosion engulfs you!!!
* * * LOW MAGIC WARNING * * *
You die...

######## ###### ##.PP##P## ....P### ##########
##....#...## ..^....# #####........### #..........##
.......# ####..............# #...........# .>.....##
####........###.####.# #...........#
........######.##.P..#..## #.# ##.#### #.#....#....#
........P#.##P.......##.####.###...#P## ###..###...#####
.........##...............#...........# ##..###........##
............................§§........###...............#
.............P..............@§ih........#.#............##
.........##..P..............§.##P.................####.#
...##.....#..#.....#..##.#P.#####.......#.######..####.##
#..#.............##..##..#..# ##⌠)..⌠##########.##.#..#
.................###..##..#.###♣.###'###.♣#............##
.............÷................#♣.......♣$♣#..............
.....PP......>................#♣♣♣..♣.♣.♣♣###.......###>.
..P.)..♣....÷....###..#.#...#.# ♣..!♣♣.♣###.#....#.# #†.
............#...†..#..#.......##♣..♣.. .♣#...#...##.###..
.....P.............#...........#♣♣[...P♣♣#.......##......
P..P...............#..##.......##♣♣♣♣♣♣ ##.............##


You could see a polar bear and a spriggan.

Vanquished Creatures
  Nessos (Lair:4)
  The ghost of hemabe71 the Covert, a journeyman HuAr of Trog (Lair:1)
  A deep elf death mage (D:14)
  A fire dragon (D:14)
  Harold (D:8)
  Josephine (D:12)
  4 boulder beetles
  8 hydras
  5 centaur warriors
  A death knight (D:10)
  6 two-headed ogres
  2 death yaks
  A catoblepas (Lair:5)
  3 thrashing horrors (Lair:6)
  5 tengu warriors
  A deep elf knight (D:14)
  Nergalle (Lair:3)
  Sonja (D:10)
  Amaemon (D:7)
  2 deep elf archers (D:14)
  A lindwurm (Lair:2)
  4 deep elf pyromancers
  2 wizards
  2 wolf spiders (Lair:1)
  7 cyclopes
  2 orc knights
  3 deep elf zephyrmancers
  4 ugly things
  A tengu skeleton (Abyss:2)
  A shining eye (shapeshifter) (Lair:6)
  A moth of wrath (Gauntlet)
  3 elephants (Lair:2)
  An orange demon (D:7)
  4 gargoyles
  2 torpor snails
  9 cane toads
  5 black mambas
  A smoke demon (Lair:6)
  A demonic crawler (D:14)
  A minotaur zombie (Gauntlet)
  A rime drake (Lair:2)
  4 unseen horrors
  A cane toad (shapeshifter) (D:10)
  2 freezing wraiths (D:14)
  11 komodo dragons
  An ancient zyme (Lair:6)
  2 polar bears
  5 trolls
  Grinder (D:3)
  Prince Ribbit (D:5)
  A meliai (D:14)
  2 slime creatures
  21 blink frogs
  2 hornets (D:14)
  Sigmund (D:4)
  2 ynoxinuls (Lair:6)
  2 spriggans
  A shadow (D:10)
  4 flying skulls (Abyss:2)
  8 wraiths
  2 wyverns
  A vampire (D:11)
  22 yaks
  A basilisk (shapeshifter) (Lair:6)
  7 basilisks
  8 vampire mosquitoes
  11 small abominations
  5 steam dragons
  5 large abominations
  A neqoxec (Gauntlet)
  3 chaos spawn
  2 nagas (Lair:2)
  5 acid dragons
  9 water moccasins
  2 ice beasts
  A sky beast (D:7)
  A floating eye (shapeshifter) (D:3)
  2 necrophages (D:6)
  3 orc warriors
  3 ogres
  38 wolves
  17 centaurs
  2 phantoms
  A kobold brigand (D:10)
  2 gnoll sergeants (D:8)
  6 bullfrogs
  2 scorpions
  3 killer bees (D:9)
  10 wights
  4 howler monkeys
  10 jellies
  A centaur zombie (Ossuary)
  3 hounds
  4 orc priests
  Crazy Yiuf (D:4)
  A gnoll shaman (D:10)
  2 iguanas
  10 orc wizards
  Natasha (thrice) (D:4)
  3 mummies (Ossuary)
  14 gnolls
  9 adders
  4 river rats (D:4)
  A shadow imp (D:7)
  A white imp (D:3)
  2 worms
  5 dart slugs
  29 orcs
  5 bats
  17 endoplasms
  7 giant cockroaches
  5 goblins
  7 hobgoblins
  4 jackals (D:2)
  3 quokkas (D:4)
  A ball python (D:3)
  2 frilled lizards
  A gnoll zombie (Ossuary)
  3 hobgoblin zombies (Ossuary)
  4 kobolds
  2 kobold zombies (Ossuary)
  5 rats
523 creatures vanquished.

Vanquished Creatures (collateral kills)
  A minotaur (Gauntlet)
  3 yaks (D:10)
  A killer bee (D:10)
  A goblin zombie (Ossuary)
6 creatures vanquished.

Vanquished Creatures (others)
  2 yaks (D:10)
  2 vampire mosquitoes (D:10)
  3 wolves (Gauntlet)
  38 fungi
  37 plants
  23 withered plants (Gauntlet)
105 creatures vanquished.

Grand Total: 634 creatures vanquished

Notes
Turn   | Place    | Note
-------+----------+-------------------------------------------
     0 | D:1      | CannotBeFrozen the Demigod Arcane Marksman began the quest
                  | for the Orb.
     0 | D:1      | Reached XP level 1. HP: 15/15 MP: 4/4
     0 | D:1      | Upgraded the game from 0.29-a0-210-g9445043ebc to
                  | 0.29-a0-218-gf2abdc9806
    45 | D:1      | Reached skill level 2 in Bows
   339 | D:1      | Reached XP level 2. HP: 22/22 MP: 1/5
  1536 | D:1      | Reached skill level 3 in Bows
  1880 | D:2      | Reached XP level 3. HP: 27/27 MP: 6/6
  1905 | D:2      | Reached skill level 1 in Fighting
  2408 | D:3      | Noticed Grinder
  2612 | D:3      | Reached skill level 1 in Stealth
  2868 | D:3      | Reached XP level 4. HP: 36/36 MP: 6/8
  2906 | D:3      | Paralysed by Grinder for 4 turns
  3186 | D:4      | Found a runed translucent door.
  3187 | D:4      | Noticed Crazy Yiuf
  3214 | D:4      | Noticed a phantom
  3255 | D:4      | Killed a phantom
  3256 | D:4      | Reached XP level 5. HP: 8/41 MP: 9/9
  3468 | D:4      | Noticed Natasha
  3475 | D:4      | Found a large runed translucent door.
  3476 | D:4      | Found a large runed translucent door.
  3492 | D:4      | Killed Natasha
  3493 | D:4      | Reached skill level 4 in Bows
  3762 | D:4      | Reached XP level 6. HP: 37/48 MP: 10/10
  4129 | D:4      | Noticed Natasha
  4143 | D:4      | Killed Natasha
  4294 | D:4      | Found a staircase to the Ecumenical Temple.
  4350 | D:4      | Noticed Sigmund
  4634 | D:5      | Entered Level 5 of the Dungeon
  4634 | D:5      | Noticed Prince Ribbit
  4762 | D:5      | Found a sand-covered staircase.
  4769 | Ossuary  | Entered an ossuary
  4966 | Ossuary  | Reached skill level 5 in Bows
  5421 | D:4      | Noticed Natasha
  5423 | D:4      | Killed Natasha
  5630 | D:5      | Killed Prince Ribbit
  5631 | D:5      | Reached skill level 6 in Bows
  5631 | D:5      | Reached XP level 7. HP: 32/55 MP: 11/11
  6091 | D:5      | Reached skill level 7 in Bows
  6468 | D:6      | Reached skill level 1 in Evocations
  6600 | D:6      | Found Nigunat's Weapon Boutique.
  7049 | D:6      | Reached XP level 8. HP: 61/61 MP: 13/13
  7259 | D:6      | Reached skill level 5 in Hexes
  7568 | D:6      | Reached skill level 8 in Bows
  7905 | D:7      | Reached skill level 1 in Armour
  8212 | D:7      | Noticed an orange demon
  8515 | D:7      | Noticed a two-headed ogre
  8522 | D:7      | Killed a two-headed ogre
  8523 | D:7      | Reached skill level 9 in Bows
  8523 | D:7      | Reached XP level 9. HP: 54/67 MP: 15/15
  8641 | D:7      | Noticed Amaemon
  8781 | D:4      | Killed Sigmund
  8782 | D:4      | Reached skill level 10 in Bows
  8976 | D:3      | Killed Grinder
  9043 | D:3      | Noticed a glowing shapeshifter
  9043 | D:3      | a black bear changed into a glowing shapeshifter
  9043 | D:3      | a glowing shapeshifter changed into a slime creature
  9046 | D:3      | Noticed an orb spider
  9046 | D:3      | a slime creature changed into an orb spider
  9048 | D:3      | Noticed a deep troll
  9048 | D:3      | an orb spider changed into a deep troll
  9048 | D:3      | Noticed a steelbarb worm
  9048 | D:3      | a deep troll changed into a steelbarb worm
  9052 | D:3      | Noticed a moth of wrath
  9052 | D:3      | a steelbarb worm changed into a moth of wrath
  9054 | D:3      | a moth of wrath changed into a floating eye
  9428 | D:4      | Killed Crazy Yiuf
  9770 | D:7      | Reached skill level 1 in Long Blades
 11212 | D:8      | Noticed Harold
 11375 | D:8      | Reached skill level 5 in Long Blades
 11965 | D:8      | Killed Harold
 11966 | D:8      | Reached XP level 10. HP: 58/73 MP: 16/16
 12479 | D:9      | Noticed a boulder beetle
 12744 | D:9      | Noticed a two-headed ogre
 12753 | D:9      | Killed a two-headed ogre
 12754 | D:9      | Reached skill level 5 in Evocations
 12754 | D:9      | Reached skill level 11 in Bows
 13557 | D:9      | Found a staircase to the Lair.
 13836 | D:9      | Killed a boulder beetle
 13837 | D:9      | Reached skill level 12 in Bows
 14077 | D:9      | Noticed a deep elf pyromancer
 14084 | D:9      | Killed a deep elf pyromancer
 14329 | D:9      | Noticed a centaur warrior
 14366 | D:9      | Killed a centaur warrior
 14686 | D:10     | Entered Level 10 of the Dungeon
 14843 | D:10     | Found Duonkyem's Self-Improvement Boutique.
 14910 | D:10     | Noticed Sonja
 14912 | D:10     | Killed Sonja
 14913 | D:10     | Reached skill level 13 in Bows
 14913 | D:10     | Reached XP level 11. HP: 56/79 MP: 14/17
 15444 | D:10     | Learned a level 3 spell: Swiftness
 15948 | D:7      | Reached skill level 1 in Air Magic
 15953 | D:7      | Killed Amaemon
 16118 | Lair:1   | Entered Level 1 of the Lair of Beasts
 16951 | D:9      | Upgraded the game from 0.29-a0-218-gf2abdc9806 to
                  | 0.29-a0-221-gceb61267dd
 16987 | D:9      | Reached skill level 5 in Fighting
 17129 | Lair:1   | Found a runed translucent door.
 17144 | Lair:1   | Noticed hemabe71's ghost (journeyman HuAr)
 17147 | Lair:1   | Identified the +8 trident of Cowardice {vorpal, rElec
                  | Dex+5}
 18046 | Lair:2   | Found the ring of the Tortoise {AC+8}
 18286 | Lair:2   | Learned a level 3 spell: Portal Projectile
 18291 | Lair:2   | Learned a level 4 spell: Cause Fear
 18295 | Lair:2   | Learned a level 3 spell: Inner Flame
 18391 | Lair:2   | Found a staircase to the Snake Pit.
 18883 | Lair:2   | Reached skill level 5 in Air Magic
 19033 | Lair:2   | Noticed a lindwurm
 19138 | Lair:2   | Identified a scroll of acquirement
 19138 | Lair:2   | Acquired 1026 gold pieces
 19282 | Lair:2   | Reached skill level 5 in Spellcasting
 19282 | Lair:2   | Reached XP level 12. HP: 95/95 MP: 20/23
 19865 | Lair:3   | Noticed a seven-headed hydra
 19885 | Lair:2   | Reached skill level 5 in Armour
 19885 | Lair:2   | Reached skill level 5 in Dodging
 19993 | Lair:2   | Reached XP level 13. HP: 95/102 MP: 21/24
 20838 | Lair:2   | Reached skill level 14 in Bows
 21446 | Lair:3   | Noticed Nergalle
 21696 | Lair:3   | Killed Nergalle
 23099 | Lair:4   | Found a staircase to the Shoals.
 23574 | Lair:4   | Identified the +0 chain mail of Minor Irritation {Harm rC++
                  | rN+ Will-}
 23633 | Lair:4   | Noticed Nessos
 23644 | Lair:4   | Killed Nessos
 23645 | Lair:4   | Reached skill level 15 in Bows
 24397 | Lair:5   | Found a gate leading to a gauntlet.
 24420 | Gauntlet | Entered a Gauntlet
 24420 | Gauntlet | Found a transporter.
 24428 | Gauntlet | Found a transporter.
 24430 | Gauntlet | Found a transporter.
 24432 | Gauntlet | Found a transporter.
 24453 | Gauntlet | Found a transporter.
 24462 | Gauntlet | Found a transporter.
 24467 | Gauntlet | Found a transporter.
 24474 | Gauntlet | Noticed a dire elephant
 24482 | Gauntlet | Found a transporter.
 24516 | Gauntlet | Found a transporter.
 24525 | Gauntlet | Found a transporter.
 24543 | Gauntlet | Found a large runed translucent door.
 24544 | Gauntlet | Found a large runed translucent door.
 24545 | Gauntlet | Found a large runed translucent door.
 24545 | Gauntlet | Found a large runed translucent door.
 24545 | Gauntlet | Noticed a quicksilver ooze
 24546 | Gauntlet | Found a runed translucent gate.
 24547 | Gauntlet | Found a transporter.
 24547 | Gauntlet | Found a runed translucent gate.
 24548 | Gauntlet | Found a runed translucent gate.
 24548 | Gauntlet | Found a large runed translucent door.
 24548 | Gauntlet | Found a large runed translucent door.
 24548 | Gauntlet | Found a runed translucent door.
 24548 | Gauntlet | Found a runed translucent door.
 24549 | Gauntlet | Found a large runed translucent door.
 24550 | Gauntlet | Found a large runed translucent door.
 24552 | Gauntlet | Found a transporter.
 24561 | Gauntlet | Found a large runed translucent door.
 24561 | Gauntlet | Found a large runed translucent door.
 24562 | Gauntlet | Found a large runed translucent door.
 24563 | Gauntlet | Found a large runed translucent door.
 24571 | Gauntlet | Found a transporter.
 24583 | Gauntlet | Found a transporter.
 24584 | Gauntlet | Found the +3 crown of Dyrovepreva {rElec Int+2 SInv}
 24600 | Gauntlet | Found a transporter.
 24600 | Gauntlet | Found a transporter.
 24626 | Gauntlet | Found a large runed translucent door.
 24626 | Gauntlet | Found a large runed translucent door.
 24627 | Gauntlet | Found a large runed translucent door.
 24628 | Gauntlet | Found a large runed translucent door.
 24683 | Gauntlet | Found a transporter.
 24711 | Gauntlet | Found a transporter.
 24750 | Gauntlet | Identified the amulet "Yrelib" {Spirit Regen+ Str+3 Stlth+}
 25101 | Gauntlet | Identified the +9 hand crossbow of Terra Cotta {elec, rF-
                  | Will+ Dex+4}
 25101 | Gauntlet | Noticed a minotaur
 25118 | Gauntlet | Killed a minotaur
 25184 | Gauntlet | Got the Incunabulum of the Damaging Traveller
 26088 | Lair:6   | Entered Level 6 of the Lair of Beasts
 26148 | Lair:6   | Reached skill level 16 in Bows
 26160 | Lair:6   | Reached skill level 1 in Translocations
 26230 | Lair:6   | Found a staircase to the Slime Pits.
 27514 | Lair:6   | Reached XP level 14. HP: 110/110 MP: 27/27
 27580 | Lair:6   | Gained mutation: You are dopey. (Int -2) [a shining eye]
 27744 | Lair:6   | Found a one-way gate to the infinite horrors of the Abyss.
 28028 | Lair:1   | Lost mutation: You are dopey. (Int -2) [potion of mutation]
 28028 | Lair:1   | Gained mutation: You passively dampen the noise of your
                  | surroundings. [potion of mutation]
 28133 | D:10     | Bought a manual of Hexes for 1040 gold pieces
 28753 | D:11     | Found a staircase to the Orcish Mines.
 28968 | D:11     | Noticed Maurice
 28972 | D:11     | Noticed Maurice
 28972 | D:11     | Maurice changed into Maurice the hobgoblin
 28974 | D:11     | Killed Maurice the hobgoblin
 29625 | D:12     | Noticed Josephine
 29759 | D:12     | Reached skill level 10 in Hexes
 29860 | D:12     | Reached skill level 17 in Bows
 30016 | D:12     | Killed Josephine
 30884 | D:13     | Cast into level 2 of the Abyss (a wizard)
 31041 | D:13     | Escaped the Abyss
 31162 | D:13     | Found Aqequcux's Assorted Antiques.
 31195 | D:13     | Found a gate to the Vaults.
 32002 | D:14     | Reached skill level 18 in Bows
 32557 | D:14     | Reached XP level 15. HP: 39/100 MP: 5/28
 33214 | D:15     | Entered Level 15 of the Dungeon
 33464 | Lair:1   | Killed hemabe71's ghost
 33473 | Lair:1   | Reached skill level 1 in Fire Magic
 33479 | Lair:1   | Killed by an exploding polar bear... ignited by their inner
                  | flame

Illustrated notes

Levels and vault maps discovered:
D:1:      dpeg_arrival_boxorama, layout_basic, basic_ecumenical_altar,
          skrybe_limestone_x, minmay_pentomino_w2
D:2:      layout_rooms, grunt_ministairs_12
D:3:      layout_loops_ring, uniq_grinder
D:4:      layout_cave_pools, jmf_multi_god_temple2, minmay_temple_entry_fiery,
          lightli_sewer_entry_pipes, uniq_sigmund, uniq_crazy_yiuf_cottage,
          uniq_natasha
D:5:      layout_basic, nicolae_ossuary_entry_monument, uniq_prince_ribbit1
D:6:      layout_loops_cross, grunt_temple_overflow_magic_moments,
          mainiacjoe_overflow_alcove_3, general_overflow_altar, serial_shops,
          nicolae_shop_hallway_plus
D:7:      minmay_evil_eye, layout_basic, uniq_amaemon
D:8:      layout_loops_ring, uniq_harold
D:9:      layout_cave_pools, jmf_multi_god_temple, lair_entry_dummy,
          serial_rivers, chequers_serial_rivers_small_a,
          chequers_serial_rivers_micro_c, chequers_serial_rivers_micro_c,
          chequers_serial_rivers_micro_b, chequers_serial_rivers_room_a,
          chequers_serial_rivers_marsh, minivault_20
D:10:     minmay_the_grid_octo_2x2 [minmay_the_grid_octo_checkered,
          minmay_the_grid_octo_checkerflower, minmay_the_grid_octo_clover_2,
          minmay_the_grid_octo_prize_single_spiral], layout_gridville,
          lemuel_round_altar, nicolae_shop_self_help, uniq_sonja
D:11:     lemuel_ice_spiral_2, layout_basic, orc_0_dummy, uniq_maurice
D:12:     layout_big_octagon, uniq_josephine
D:13:     layout_rooms, david_vaults_1, serial_shops, kennysheep_mini,
          corexii_corridor_pit, kennysheep_pointless_box
D:14:     minmay_crescents, layout_rooms, serial_bayou_pond_a
D:15:     grunt_enter_depths_snipers, layout_long_grid,
          einodemon_crawler_minivault
Lair:1:   lemuel_slime, layout_gridlike, ebering_ghost_funeral_grove,
          grunt_forest_small_clearings, nicolae_lair_run_with_the_wolves
Lair:2:   layout_cellular_growth, guppyfry_snake_entry_island,
          serial_bayou_pond_a
Lair:3:   layout_loops_ring, grunt_megastairs_3, uniq_nergalle
Lair:4:   layout_cave_pods, minmay_shoals_entry_centaurs, uniq_nessos
Lair:5:   layout_cave_pods, gauntlet_entry_generic
Lair:6:   hellmonk_lair_end_abyssal_woods, layout_small_grid, slime_dummy,
          basic_altar, infiniplex_staircase_pool

Skill      XL: |  1  2  3  4  5  6  7  8  9 10 11 12 13 14 15 |
---------------+----------------------------------------------+-----
Bows           | 2 3 4 6 7 9 10 13 16 18 | 18.0
Hexes          | 3 4 5 12 | 12.0
Fighting       | 1 2 5 6 7 |  7.5
Dodging        | 2 4 5 |  5.0
Stealth        | 1 2 |  2.0
Evocations     | 2 4 5 |  5.0
Spellcasting   | 2 5 6 |  6.0
Armour         | 2 4 5 |  5.0
Long Blades    | 5 |  5.1
Air Magic      | 5 6 |  6.0
Translocations | 4 |  4.0
Fire Magic     | 1 |  1.0

Action                   |  1- 3 |  4- 6 |  7- 9 | 10-12 | 13-15 || total
-------------------------+-------+-------+-------+-------+-------++-------
Melee: Dagger            |    85 |       |    41 |    17 |     4 ||   147
       Short sword       |    25 |   228 |    13 |       |       ||   266
       Punch             |       |     3 |     4 |     4 |     1 ||    12
       Scimitar          |       |       |    34 |   211 |    20 ||   265
       Long sword        |       |       |       |    28 |       ||    28
       Longbow           |       |       |       |       |     1 ||     1
 Fire: Shortbow          |    86 |   114 |   307 |   298 |   268 ||  1073
       Longbow           |       |       |       |       |   961 ||   961
Throw: Dart              |       |       |       |     3 |       ||     3
       Throwing net      |       |       |       |     3 |       ||     3
       Javelin           |       |       |       |     7 |     7 ||    14
 Cast: Slow              |    44 |    68 |    62 |    14 |    49 ||   237
       Swiftness         |       |       |       |     3 |    20 ||    23
       Portal Projectile |       |       |       |       |    11 ||    11
       Inner Flame       |       |       |       |       |     9 ||     9
Evoke: Wand              |       |     1 |    14 |    21 |    23 ||    59
       Tin of tremorston |       |       |       |       |     2 ||     2
       Phantom mirror    |       |       |       |       |     1 ||     1
       Condenser vane    |       |       |       |       |     1 ||     1
  Use: Scroll            |     8 |    10 |     6 |     5 |     8 ||    37
       Potion            |       |     3 |       |     1 |     1 ||     5
 Stab: Petrified         |       |       |     4 |       |       ||     4
       Paralysed         |       |       |     5 |       |       ||     5
       Sleeping          |       |       |       |       |     1 ||     1
Armor: Robe              |    68 |    89 |     1 |       |    24 ||   182
       Ring mail         |       |       |    99 |    60 |    81 ||   240
       Steam dragon scal |       |       |       |   167 |   197 ||   364
Dodge: Dodged            |   121 |   154 |   125 |   329 |   497 ||  1226

Table legend: (Time is in decaauts)
 A = Elapsed time spent in this place.
 B = Non-inter-level travel time spent in this place.
 C = Inter-level travel time spent in this place.
 D = Time resting spent in this place.
 E = Time spent auto-exploring this place.
 F = Levels seen in this place.
 G = Mean time per level.
                   A        B        C        D        E       F      G
               +--------+--------+--------+--------+--------+-----+--------+
         Total |  33556 |  31697 |   1859 |   9047 |  11943 |  24 | 1398.2 |
       Dungeon |  21251 |  19980 |   1271 |   5788 |   7218 |  15 | 1416.7 |
          Lair |  10908 |  10320 |    588 |   2983 |   4539 |   6 | 1818.0 |
         Abyss |    157 |    157 |      0 |      0 |      0 |   1 |  157.0 |
       Ossuary |    409 |    409 |      0 |     43 |     19 |   1 |  409.0 |
      Gauntlet |    828 |    828 |      0 |    232 |    166 |   1 |  828.0 |
               +--------+--------+--------+--------+--------+-----+--------+

Top non-repeatable levels by time:
  Lair:2: 3057 daAuts
     D:9: 2590 daAuts
     D:4: 2242 daAuts
     D:7: 2212 daAuts
     D:8: 1828 daAuts
  Lair:1: 1825 daAuts
     D:6: 1726 daAuts
  Lair:6: 1682 daAuts
  Lair:3: 1607 daAuts
  Lair:4: 1591 daAuts
    D:10: 1569 daAuts
    D:14: 1518 daAuts
     D:1: 1335 daAuts
     D:3: 1272 daAuts
  Lair:5: 1144 daAuts
